AoeStats
← SeRpenZos

Black Forest

507297012Analyzed
4v4 RM · 15d ago on Sep 17, 2026· 60m 45s· 8 players
Game mode
Random Map
Map size
Large (8 player)
Population
200
Speed
Normal
Resources
Standard
Victory
Conquest
Starting age
Dark Age
Ending age
Imperial Age
RankedLock teamsTeams togetherTeam positionsShared explorationLock speedFull tech treeHidden civsTurbo modeCheats
Victory
Defeat
🇨🇦 Lithuanians · Canada
1558
+13
🇮🇩 Britons · Indonesia
1542
+13
🇮🇩 Byzantines · Indonesia
1529
+14
🇮🇩 Gurjaras · Indonesia
1510
+15
🇭🇺 Vikings · Hungary
1572
-17
🇳🇱 Jurchens · Netherlands
1483
-14
🇹🇼 Mapuche · Taiwan
1446
-12
🇹🇷 Maya · Türkiye
1435
-12
sdk
0:29 Loom
11:30 Feudal Age
12:10 Double-Bit Axe
15:36 Wheelbarrow
15:34 Horse Collar
15:42 Fishing Lines
22:49 Castle Age
23:50 Bow Saw
23:32 Gillnets
26:22 Heavy Plow
26:14 Stone Mining
26:14 Gold Mining
26:33 Town Watch
29:07 Hand Cart
30:09 Gold Shaft Mining
30:10 Stone Shaft Mining
30:38 Caravan
30:30 Fletching
30:41 Padded Archer Armor
32:06 Leather Archer Armor
34:25 Imperial Age
32:33 Siege Engineers
33:04 Treadmill Crane
33:34 Masonry
33:54 Ballistics
36:20 Chemistry
35:36 Thunderclap Bombs
35:25 Heavy Rocket Cart
36:39 Conscription
36:56 Hoardings
37:04 Hoardings
36:40 Masonry
38:17 Ring Archer Armor
38:19 Architecture
37:44 Murder Holes
37:59 Fortified Wall
41:58 Bodkin Arrow
43:39 Crop Rotation
45:07 Guilds
45:25 Town Patrol
46:01 Bracer
46:13 Forging
46:08 Scale Barding Armor
47:52 Coinage
47:04 Elite Fire Lancer
47:44 Squires
47:29 Arson
47:58 Fortified Bastions
47:29 Sappers
49:25 Gambesons
49:43 Scale Mail Armor
54:17 Banking
57:15 Chain Mail Armor
58:16 Two-Man Saw
58:34 Iron Casting
61:07 Blast Furnace
TheGooseTransporter
0:41 Loom
14:40 Feudal Age
18:20 Castle Age
18:23 Double-Bit Axe
19:42 Bow Saw
23:58 Fortified Wall
24:52 Horse Collar
27:23 Heavy Plow
33:39 Imperial Age
32:05 Forging
31:55 Scale Mail Armor
33:29 Iron Casting
33:54 Chain Mail Armor
34:09 Masonry
33:40 Elite Berserk
34:16 Stone Mining
34:18 Gold Mining
35:29 Two-Man Saw
35:01 Crop Rotation
35:10 Squires
34:56 Arson
36:00 Conscription
36:01 Bogsveigar
37:55 Blast Furnace
37:37 Plate Mail Armor
38:10 Onager
39:52 Chemistry
39:23 Architecture
39:24 Chieftains
41:04 Fletching
41:22 Siege Engineers
41:47 Architecture
41:37 Ballistics
45:38 Murder Holes
46:21 Hoardings
47:35 Pikeman
51:35 Gold Shaft Mining
51:43 Caravan
56:52 Bodkin Arrow
zzzz123
1:10 Loom
18:36 Feudal Age
18:53 Feudal Age
19:44 Horse Collar
19:56 Double-Bit Axe
19:52 Fishing Lines
22:37 Castle Age
23:41 Bow Saw
23:27 Gillnets
27:47 Horse Collar
31:11 Heavy Plow
32:18 Fletching
36:02 Imperial Age
33:48 Bodkin Arrow
34:50 Gold Mining
35:44 Wheelbarrow
36:45 Padded Archer Armor
36:08 Elite Bolas Rider
37:48 Leather Archer Armor
39:16 Ballistics
39:48 Malon
40:26 Ring Archer Armor
41:03 Chemistry
42:57 Butalmapu
43:12 Conscription
48:05 Siege Engineers
48:14 Masonry
47:45 Treadmill Crane
49:33 Gold Shaft Mining
50:00 Elite Kona
50:57 Forging
50:56 Caravan
53:48 Iron Casting
55:53 Elite Skirmisher
Lothwen
10:58 Feudal Age
14:39 Castle Age
12:42 Double-Bit Axe
16:00 Bow Saw
18:18 Horse Collar
21:14 Wheelbarrow
24:06 Gold Mining
24:42 Hand Cart
24:47 Heavy Plow
29:05 Imperial Age
26:59 Eagle Warrior
27:40 Squires
27:35 Fletching
27:46 Scale Mail Armor
27:56 Forging
29:36 Chain Mail Armor
29:17 Bodkin Arrow
29:18 Elite Eagle Warrior
30:25 Conscription
30:40 Holcans
31:12 Iron Casting
32:49 Plate Mail Armor
32:28 Town Watch
33:46 Blast Furnace
33:33 Arson
34:50 Bracer
34:17 Elite Plumed Archer
35:40 Ballistics
36:20 Chemistry
34:48 Pikeman
35:40 Caravan
36:11 Padded Archer Armor
35:50 Halberdier
37:40 Leather Archer Armor
39:15 Ring Archer Armor
39:16 Hul'che Javelineers
42:17 Elite Skirmisher
43:03 Thumb Ring
JMDDN
11:03 Feudal Age
10:43 Loom
14:52 Castle Age
13:49 Double-Bit Axe
15:28 Stone Mining
16:20 Bow Saw
20:08 Fishing Lines
22:21 Wheelbarrow
22:25 Gillnets
23:34 Hand Cart
23:34 Horse Collar
24:59 Heavy Plow
25:43 Stone Mining
26:14 Ballistics
25:36 Treadmill Crane
26:24 Gold Mining
27:10 Stone Shaft Mining
26:56 Town Watch
27:22 Caravan
30:49 Imperial Age
28:26 Scale Barding Armor
28:40 Masonry
29:48 Chain Barding Armor
29:39 Forging
29:37 Fletching
30:08 Scale Mail Armor
30:55 Bloodlines
30:46 Husbandry
32:02 Iron Casting
32:05 Plate Barding Armor
30:51 Elite Leitis
31:52 Conscription
32:37 Coinage
32:19 Guilds
33:32 Two-Man Saw
33:44 Hoardings
35:28 Crop Rotation
35:23 Bodkin Arrow
36:46 Architecture
42:54 Redemption
43:45 Banking
46:55 Chemistry
46:07 Bracer
47:41 Murder Holes
47:57 Fortified Wall
50:25 Scale Mail Armor
50:26 Padded Archer Armor
50:36 Hill Forts
SeRpenZos
1:55 Loom
20:24 Feudal Age
22:05 Town Watch
24:53 Castle Age
23:37 Double-Bit Axe
24:55 Gold Mining
31:56 Horse Collar
38:32 Heavy Plow
39:09 Wheelbarrow
43:58 Imperial Age
41:58 Fletching
42:08 Padded Archer Armor
42:54 Masonry
43:06 Ballistics
43:37 Hand Cart
43:47 Bodkin Arrow
43:49 Crossbowman
44:43 Bracer
45:00 Leather Archer Armor
44:56 Stone Mining
45:49 Gold Shaft Mining
45:33 Hand Cart
44:59 Arbalester
49:49 Chemistry
49:20 Architecture
49:02 Fortified Wall
49:30 Bow Saw
49:56 Guilds
52:21 Caravan
52:55 Capped Ram
53:00 Onager
56:16 Elite Skirmisher
59:25 Two-Man Saw
57:59 Capped Ram
61:12 Yeomen
61:12 Conscription
FuLongGamingYT
7:15 Loom
12:08 Feudal Age
15:45 Castle Age
13:39 Double-Bit Axe
15:28 Horse Collar
17:09 Bow Saw
21:23 Heavy Plow
22:36 Wheelbarrow
25:37 Hand Cart
25:15 Gold Mining
28:02 Gold Shaft Mining
27:17 Stone Mining
30:29 Imperial Age
28:17 Scale Mail Armor
29:00 Forging
28:12 Pikeman
28:52 Squires
29:44 Chain Mail Armor
29:24 Treadmill Crane
30:35 Iron Casting
31:08 Fortified Wall
30:57 Fletching
30:37 Halberdier
31:48 Plate Mail Armor
32:07 Crop Rotation
32:41 Two-Man Saw
32:20 Caravan
33:00 Ballistics
32:38 Bodkin Arrow
34:16 Coinage
34:35 Stone Shaft Mining
34:24 Conscription
35:56 Chemistry
34:27 Elite Cataphract
36:07 Husbandry
36:08 Bracer
36:17 Scale Barding Armor
37:37 Banking
37:47 Hoardings
37:42 Logistica
38:31 Chain Barding Armor
39:14 Murder Holes
38:54 Light Cavalry
40:31 Plate Barding Armor
41:33 Bombard Tower
42:02 Hussar
47:15 Padded Archer Armor
48:45 Thumb Ring
48:04 Elite Skirmisher
48:37 Guard Tower
48:33 Arrowslits
52:45 Leather Archer Armor
57:25 Capped Ram
58:44 Ring Archer Armor
58:20 Siege Ram
Embege
1:56 Loom
13:06 Feudal Age
17:28 Castle Age
15:54 Double-Bit Axe
18:19 Bow Saw
19:52 Horse Collar
26:15 Wheelbarrow
27:02 Gold Mining
28:17 Wheelbarrow
30:56 Gold Shaft Mining
33:35 Imperial Age
31:19 Stone Mining
31:27 Fletching
31:37 Padded Archer Armor
31:43 Padded Archer Armor
32:10 Bodkin Arrow
32:27 Forging
33:20 Hand Cart
33:26 Leather Archer Armor
33:40 Fortified Wall
34:34 Ballistics
33:39 Elite Elephant Archer
34:59 Thumb Ring
35:57 Chemistry
35:24 Bracer
36:05 Stone Shaft Mining
35:48 Heavy Plow
37:04 Conscription
38:13 Bloodlines
38:04 Husbandry
38:14 Bloodlines
38:04 Husbandry
39:44 Frontier Guards
39:57 Caravan
40:27 Coinage
49:14 Town Watch
Connection lost

Rejoining the realm…

Still unreachable

The connection could not be restored.

Session expired

The server has moved on; the page needs a fresh start.